 Dungeon Crawl Stone Soup version 0.24-a0-486-ged8816983f (webtiles) character file.

Game seed: 2524474955003271634

5515 Azzok the Grappler (level 10, -7/77 HPs)
             Began as a Ghoul Fighter on July 9, 2019.
             Was a Follower of Makhleb.
             Killed from afar by Sonja (17 damage)
             ... with a bolt of acid
             ... on level 10 of the Dungeon.
             The game lasted 00:14:08 (10221 turns).

Azzok the Grappler (Ghoul Fighter)                 Turns: 10221, Time: 00:14:09

Health: -7/77      AC: 16    Str: 24    XL:     10   Next: 70%
Magic:  18/18      EV:  5    Int:  3    God:    Makhleb [*.....]
Gold:   406        SH: 11    Dex:  8    Spells: 9/9 levels left

rFire    . . .     SeeInvis .     - Unarmed
rCold    + + .     Gourm    .   b - +0 shield
rNeg     + + +     Faith    .   s - +1 plate armour of the Hills {MP+9}
rPois    ∞         Spirit   .   y - +1 hat
rElec    .         Reflect  .   (no cloak)
rCorr    .         Harm     .   (no gloves)
MR       .....                  A - +0 pair of boots
Stlth    ..........             (no amulet)
HPRegen  0.00/turn              B - ring of protection from cold
MPRegen  0.16/turn              (no ring)

@: rotting
A: rotting body, claws 1, carnivore, cold resistance 1, negative energy
resistance 3, inhibited regeneration, torment resistance, unbreathing
a: Renounce Religion


You were on level 10 of the Dungeon.
You worshipped Makhleb.
Makhleb was aware of your devotion.
You were not hungry.

You visited 2 branches of the dungeon, and saw 11 of its levels.

You collected 406 gold pieces.

Inventory:

Armour
 b - a +0 shield (worn)
 j - a +0 chain mail of cold resistance
 s - the +1 plate armour of the Hills (worn) {MP+9}
   (You found it on level 4 of the Dungeon)

   It affects your magic capacity (+9).
 y - a +1 hat (worn)
 A - a +0 pair of boots (worn)
Jewellery
 B - a ring of protection from cold (left claw)
Wands
 a - a wand of disintegration (5)
 q - a wand of iceblast (15)
Scrolls
 e - 4 scrolls of identify
 g - 4 scrolls of remove curse {unknown}
 h - a scroll of noise {unknown}
 i - 4 scrolls of fear {unknown}
 k - 3 scrolls of random uselessness {unknown}
 l - 2 scrolls of amnesia {unknown}
 o - 4 scrolls of enchant armour {unknown}
 p - 3 scrolls of immolation {unknown}
 r - 5 scrolls of teleportation
 u - a scroll of brand weapon {unknown}
 v - 3 scrolls of fog
 C - a scroll of blinking {unknown}
 E - a scroll of torment {unknown}
Potions
 c - a potion of might
 f - a potion of degeneration {unknown}
 m - 4 potions of brilliance
 n - 3 potions of curing
 t - a potion of agility
 w - a potion of berserk rage {unknown}
 z - 2 potions of heal wounds {unknown}
Comestibles
 d - 12 rations
 D - 4 chunks of flesh


   Skills:
 - Level 3.2 Fighting
 + Level 7.1 Armour
 + Level 8.1 Shields
 * Level 12.2 Unarmed Combat


You had 9 spell levels left.
You didn't know any spells.
Your spell library contained the following spells:

 Spells                   Type           Power        Failure   Level  Hunger
 Animate Skeleton         Necr           N/A          100%        1    ##.....
 Apportation              Tloc           #.....       100%        1    ##.....
 Confusing Touch          Hex            #.....       100%        1    ##.....
 Summon Small Mammal      Summ           #...         100%        1    ##.....


Dungeon Overview and Level Annotations

Branches:
Dungeon (10/15)            Temple (1/1) D:7
   Lair: D:8-11         Orc: D:9-12

Altars:
Ashenzari
Cheibriados
Dithmenos
Elyvilon
Fedhas
Gozag
Hepliaklqana
Kikubaaqudgha
Makhleb
Nemelex Xobeh
Okawaru
Qazlal
Ru
Sif Muna
Trog
Uskayaw
Vehumet
Wu Jian
Xom
Yredelemnul
Zin
The Shining One

Shops:
D:4 %([

Annotations:
D:10 Sonja


Innate Abilities, Weirdness & Mutations

Your body is rotting away.
You thrive on raw meat.
You are immune to poison.
You have sharp fingernails.
You are carnivorous and can eat meat at any time.
Your flesh is cold resistant. (rC+)
You are immune to negative energy. (rN+++)
You do not regenerate when monsters are visible.
You are immune to unholy pain and torment.
You can survive without breathing.


Message History

Aim: Sonja, wielding a +2 dagger of distortion and carrying a wand of acid (12)
You throw a throwing net.
The throwing net completely misses Sonja.
Sonja throws a curare-tipped dart.
You block the curare-tipped dart.
Sonja gestures wildly while chanting.
Sonja blinks!
Throwing (i - inventory)
x - 2 throwing nets (quivered)
Press: ? - help, Shift-Dir - straight line, f/p - Sonja
Aim: Sonja, wielding a +2 dagger of distortion and carrying a wand of acid (12)
You throw a throwing net. The throwing net closely misses Sonja.
Throwing (i - inventory)
x - a throwing net (quivered)
Press: ? - help, Shift-Dir - straight line, f/p - Sonja
Aim: Sonja, wielding a +2 dagger of distortion and carrying a wand of acid (12)
You throw a throwing net. The throwing net barely misses Sonja.
Sonja zaps a wand.
The bolt of acid hits you!!
* * * LOW HITPOINT WARNING * * *
You are splashed with acid!
* * * LOW HITPOINT WARNING * * *
Sonja zaps a wand.
The bolt of acid hits you!
You die...

▒········▒ ····
▒········▒
▒···▒▒▒···▒▒·▒▒▒▒ ▒
▒▒···▒▒▒▒▒╬▒▒·▒··▒ ··
············▒····▒ ·(▒
············▒····▒ ··(▒
············▒··(·▒ ····▒
············'··(·▒K····▒
········)···▒···@'((···▒
▒▒▒···▒▒▒▒·▒▒▒▒▒▒▒(▒▒'▒▒
▒▒▒···▒▒▒▒▒▒▒·▒▒▒▒·▒▒·▒▒
·▒·······'·········▒····
·▒·······▒·········'···
·▒·······▒·········▒
·'·······▒·)·······▒
▒▒▒·····▒▒▒▒╬▒▒▒▒··▒
▒▒▒·····▒▒····▒▒▒··▒▒


You could see Sonja.

Vanquished Creatures
  Harold (D:8)
  Erolcha (D:10)
  A gargoyle (D:9)
  2 hippogriffs
  Sigmund (D:3)
  A human (D:8)
  A water moccasin (D:9)
  2 orc warriors (D:6)
  A sky beast (D:10)
  A necrophage (D:6)
  2 ogres
  2 centaurs (D:5)
  A big kobold (D:10)
  5 bullfrogs
  A water moccasin zombie (D:5)
  4 scorpions
  3 killer bees (D:8)
  5 crimson imps
  2 bullfrog zombies
  A centaur zombie (D:10)
  2 quasits (D:8)
  2 hounds
  2 jellies
  11 orc priests
  3 iguanas
  3 worker ants
  Natasha (thrice) (D:3)
  8 orc wizards
  2 killer bee zombies
  2 hound zombies
  A hound skeleton (D:5)
  A howler monkey zombie (D:7)
  A worker ant zombie (D:8)
  8 gnolls
  9 adders
  A howler monkey skeleton (D:9)
  2 shadow imps
  An ooze (D:1)
  An adder zombie (D:8)
  An adder skeleton (D:4)
  3 worms
  A dart slug (D:1)
  7 leopard geckos
  24 orcs
  3 ball pythons
  3 giant cockroaches
  10 goblins
  5 hobgoblins
  9 jackals
  4 quokkas (D:5)
  9 bats
  2 frilled lizards
  11 kobolds
  A quokka skeleton (D:6)
  6 rats
200 creatures vanquished.

Notes
Turn   | Place    | Note
-------+----------+-------------------------------------------
     0 | D:1      | Azzok the Ghoul Fighter began the quest for the Orb.
     0 | D:1      | Reached XP level 1. HP: 19/19 MP: 0/0
   190 | D:1      | Reached XP level 2. HP: 24/26 MP: 1/1
   495 | D:1      | Reached skill level 3 in Unarmed Combat
   510 | D:1      | Reached XP level 3. HP: 21/30 MP: 2/2
  1177 | D:2      | Reached XP level 4. HP: 38/38 MP: 3/3
  1781 | D:3      | Found an ornate altar of the Wu Jian Council.
  1798 | D:3      | Noticed Sigmund
  1815 | D:3      | Killed Sigmund
  1815 | D:3      | Reached skill level 4 in Unarmed Combat
  1815 | D:3      | Reached XP level 5. HP: 23/44 MP: 4/4
  1815 | D:3      | Reached XP level 6. HP: 27/50 MP: 5/5
  1992 | D:3      | Reached skill level 5 in Unarmed Combat
  2038 | D:3      | Noticed Natasha
  2046 | D:3      | Killed Natasha
  2065 | D:3      | Noticed Natasha
  2075 | D:3      | Killed Natasha
  2379 | D:3      | Noticed Natasha
  2387 | D:3      | Killed Natasha
  2534 | D:4      | Reached skill level 6 in Unarmed Combat
  2641 | D:4      | Found Parucw's Antique Armour Shoppe.
  2758 | D:4      | Reached XP level 7. HP: 55/57 MP: 6/6
  2944 | D:4      | Found Dynohala's Food Boutique.
  2973 | D:4      | Got a polished plate armour
  2974 | D:4      | Identified the +1 plate armour of the Hills {MP+9} (You
                  | found it on level 4 of the Dungeon)
  3092 | D:4      | Found Wyrecy's Weapon Emporium.
  3112 | D:4      | Found a stormy altar of Qazlal.
  3255 | D:4      | Found an iron altar of Okawaru.
  3278 | D:5      | Entered Level 5 of the Dungeon
  3311 | D:5      | Reached skill level 5 in Shields
  3755 | D:5      | Reached skill level 7 in Unarmed Combat
  3963 | D:5      | Reached XP level 8. HP: 32/63 MP: 7/7
  4496 | D:5      | Reached skill level 8 in Unarmed Combat
  5328 | D:6      | Identified the +2 ring mail "Mueskuec" {Dex+2}
  5352 | D:6      | Reached skill level 9 in Unarmed Combat
  5528 | D:6      | Found a shattered altar of Ashenzari.
  5541 | D:6      | Reached XP level 9. HP: 70/70 MP: 8/8
  5667 | D:6      | Found a sacrificial altar of Ru.
  5829 | D:6      | Reached skill level 5 in Armour
  6341 | D:7      | Found a white marble altar of Elyvilon.
  6463 | D:7      | Found an opulent altar of Gozag.
  6485 | D:7      | Found a staircase to the Ecumenical Temple.
  6493 | Temple   | Entered the Ecumenical Temple
  6665 | Temple   | Became a worshipper of Makhleb the Destroyer
  6918 | D:8      | Noticed Harold
  7108 | D:8      | Reached skill level 10 in Unarmed Combat
  7482 | D:8      | Killed Harold
  7887 | D:8      | Reached XP level 10. HP: 74/74 MP: 9/9
  8068 | D:8      | Reached skill level 11 in Unarmed Combat
  8150 | D:8      | Found a deep blue altar of Sif Muna.
  8208 | D:8      | Found a hide-covered altar of Uskayaw.
  8737 | D:9      | Got a dazzling chain mail
  8738 | D:9      | Identified the cursed +1 chain mail of Pareowaz {rC- Int+3
                  | Dex+7} (You found it on level 9 of the Dungeon)
  8820 | D:9      | Noticed a gargoyle
  8837 | D:9      | Killed a gargoyle
  8837 | D:9      | Reached * piety under Makhleb
  9157 | D:9      | Found an opulent altar of Gozag.
  9723 | D:9      | Found an ornate altar of the Wu Jian Council.
  9769 | D:10     | Entered Level 10 of the Dungeon
  9937 | D:10     | Noticed Sonja
 10100 | D:10     | Noticed Erolcha
 10108 | D:10     | Killed Erolcha
 10108 | D:10     | Reached skill level 12 in Unarmed Combat
 10221 | D:10     | Killed from afar by Sonja

Levels and vault maps discovered:
D:1:      saegor_arrival_under_anarchy, layout_basic
D:2:      layout_basic, first_ration
D:3:      layout_basic, lemuel_statue_altar, uniq_natasha, uniq_sigmund
D:4:      layout_basic, nicolae_overflow_hidden_temple,
          nicolae_overflow_crystal_walls, serial_shops,
          nicolae_shop_overgrown_old_shop, shop,
          nicolae_shop_temple_entry_statues_fountains, hangedman_decor_push
D:5:      layout_basic
D:6:      layout_loops_ring, ashenzari_altar_1, nicolae_ru_path_of_blood
D:7:      layout_rooms, lemuel_round_altar, minmay_temple_entry_glassed_door,
          basic_altar
D:8:      layout_cave_pods, led_sif_book, eat_drink_and_be_merry_uskayaw,
          grunt_pizzeria, uniq_harold
D:9:      layout_basic, nicolae_gozag_seed_capital,
          lemuel_coloured_pillars_altar
D:10:     layout_gridville, uniq_sonja, uniq_erolcha
Temple:   dpeg_chambers_temple

Skill      XL: |  1  2  3  4  5  6  7  8  9 10 |
---------------+-------------------------------+-----
Shields        | 3 4 5 6 7 8 |  8.1
Unarmed Combat | 3 4 6 7 9 10 12 | 12.2
Armour         | 3 4 6 7 |  7.1
Fighting       | |  3.2

Action                   |  1- 3 |  4- 6 |  7- 9 | 10-12 || total
-------------------------+-------+-------+-------+-------++-------
Melee: Unarmed           |   117 |   135 |   414 |   222 ||   888
Throw: Throwing net      |       |       |       |     7 ||     7
  Use: Scroll            |       |       |     7 |     1 ||     8
       Potion            |       |       |     1 |       ||     1
  Eat: Chunk             |     2 |     7 |    23 |    14 ||    46
       Ration            |       |       |     1 |       ||     1
Armor: Scale mail        |     4 |       |       |       ||     4
       Chain mail        |    60 |    44 |     5 |       ||   109
       Plate armour      |       |       |   165 |    86 ||   251
Dodge: Dodged            |    24 |    16 |    45 |    35 ||   120
Block: Shield            |    48 |    47 |   171 |   110 ||   376

Table legend:
 A = Non-vault XP
 B = Vault XP
 C = Vault XP percentage of total XP
 D = Non-vault monster count
 E = Vault monster count
 F = Vault count percentage of total count
                 A         B        C        D         E       F
            +---------+---------+-------+---------+---------+-------
      Total |    5419 |    2460 |  31.2 |     194 |       6 |   3.0
            +---------+---------+-------+---------+---------+-------
        D:1 |      55 |       0 |   0.0 |      30 |       0 |   0.0
        D:2 |      49 |       0 |   0.0 |      18 |       0 |   0.0
        D:3 |     136 |     255 |  65.2 |      14 |       2 |  12.5
        D:4 |     334 |       0 |   0.0 |      16 |       0 |   0.0
        D:5 |     796 |       0 |   0.0 |      21 |       0 |   0.0
        D:6 |     968 |       0 |   0.0 |      23 |       0 |   0.0
        D:7 |     518 |       0 |   0.0 |      12 |       0 |   0.0
        D:8 |     673 |    1223 |  64.5 |      23 |       3 |  11.5
        D:9 |    1267 |       0 |   0.0 |      20 |       0 |   0.0
       D:10 |     623 |     982 |  61.2 |      17 |       1 |   5.6
            +---------+---------+-------+---------+---------+-------
